 Dungeon Crawl Stone Soup version 0.22-a0-305-gd21a89c (webtiles) character file.

4134 xccam the Cleaver (level 10, 0/73 HPs)
             Began as a Formicid Fighter on Mar 30, 2018.
             Was an Initiate of Cheibriados.
             Slain by a skeletal warrior
             ... wielding a +0 battleaxe
             ... led by a skeletal warrior
              (13 damage)
             ... on level 9 of the Dungeon.
             The game lasted 00:14:32 (6663 turns).

xccam the Cleaver (Formicid Fighter)                Turns: 6663, Time: 00:14:33

Health: 0/73       AC: 16    Str: 23    XL:     10   Next: 51%
Magic:  10/10      EV: 12    Int: 10    God:    Cheibriados [......]
Gold:   458        SH: 12    Dex: 12    Spells: 9/9 levels left

rFire    . . .     SeeInvis +   a - +0 war axe
rCold    . . .     Gourm    .   c - +0 shield
rNeg     . . .     Faith    .   x - +1 ring mail of a volcano {rElec SInv}
rPois    .         Spirit   .   (helmet unavailable)
rElec    +         Reflect  .   (no cloak)
rCorr    .         Harm     .   (no gloves)
MR       +....                  (no boots)
Stlth    +.........             (no amulet)
HPRegen  0.22/turn              i - +4 ring of protection
MPRegen  0.12/turn              l - +5 ring of protection

@: very slow
A: permanent stasis, dig shafts and tunnels, four strong arms, antennae 3
a: Dig, Shaft Self, Bend Time, Renounce Religion


You were on level 9 of the Dungeon.
You worshipped Cheibriados.
Cheibriados was noncommittal.
You were hungry.

You visited 2 branches of the dungeon, and saw 10 of its levels.
You also visited: Sewer and Ossuary.

You collected 458 gold pieces.

Inventory:

Hand Weapons
 a - a +0 war axe (weapon)
 D - a +0 battleaxe
Armour
 c - a +0 shield (worn)
 x - the +1 ring mail of a volcano (worn) {rElec SInv}
   (You found it on level 6 of the Dungeon)

   It insulates you from electricity.
   It lets you see invisible.
 y - a +0 plate armour
Jewellery
 d - a +2 ring of strength
 i - a +4 ring of protection (left hand)
 k - a cursed -2 ring of evasion {unknown}
 l - a +5 ring of protection (right hand)
Wands
 b - a wand of acid (6)
 q - a wand of disintegration (12)
 H - a wand of random effects (11)
Scrolls
 e - 4 scrolls of remove curse
 n - a scroll of immolation
 o - 2 scrolls of fear
 u - a scroll of magic mapping {unknown}
 v - a scroll of silence {unknown}
 w - 2 scrolls of amnesia
 A - a scroll of fog
 G - a scroll of enchant weapon {unknown}
 I - a scroll of noise
Potions
 g - 6 potions of flight
 h - 2 potions of degeneration
 j - 3 potions of lignification
 m - 10 potions of curing
 p - a potion of ambrosia
 t - 2 potions of invisibility
 z - 2 potions of magic
 B - a potion of mutation
 C - 3 potions of cancellation {unknown}
 E - a potion of resistance {unknown}
Comestibles
 f - 20 rations


   Skills:
 + Level 4.6 Fighting
 * Level 11.2 Axes
 + Level 4.6 Armour
 + Level 2.4 Dodging
 - Level 10.0 Shields


You had 9 spell levels left.
You didn't know any spells.

Dungeon Overview and Level Annotations

Branches:
Dungeon (9/15)             Temple (1/1) D:5
   Lair: D:8-11         Orc: D:9-12

Altars:
Ashenzari
Cheibriados
Dithmenos
Elyvilon
Fedhas
Gozag
Hepliaklqana
Kikubaaqudgha
Makhleb
Nemelex Xobeh
Okawaru
Qazlal
Ru
Trog
Uskayaw
Vehumet
Wu Jian
Xom
Yredelemnul
Zin
The Shining One

Shops:
D:8 %


Innate Abilities, Weirdness & Mutations

You cannot be hasted, slowed, berserked, paralysed or teleported.
You can dig through walls and to a lower floor.
Your four strong arms can wield two-handed weapons with a shield.
You have a pair of large antennae on your head. (SInv)


Message History

You hit the skeletal warrior but do no damage.
The skeletal warrior is almost destroyed.
The skeletal warrior hits you with a battleaxe!
* * * LOW HITPOINT WARNING * * *
You closely miss the skeletal warrior.
The skeletal warrior is almost destroyed.
You block the skeletal warrior's attack.
You closely miss the skeletal warrior.
The skeletal warrior is almost destroyed.
You closely miss the skeletal warrior.
The skeletal warrior is almost destroyed.
The skeletal warrior hits you with a battleaxe.
* * * LOW HITPOINT WARNING * * *
You closely miss the skeletal warrior.
The skeletal warrior is almost destroyed.
You block the skeletal warrior's attack.
You barely miss the skeletal warrior.
The skeletal warrior is almost destroyed.
The skeletal warrior hits you with a battleaxe!
You die...

.. ... ....
##############....
..................
.......@z.........
#########.....#
#ยง....# #.....#
#.....# #%....#
.)....# ......z
........


You could see a skeletal warrior.

Vanquished Creatures
  The ghost of tilp the Archer, a novice CeHu (D:7)
  The ghost of budo the Slicer, a novice KoBe of Trog (D:5)
  The ghost of Sergey the Charlatan, a novice VSAr of Okawaru (D:8)
  The ghost of vishdafish the Slasher, a novice DsFi (D:4)
  3 hippogriffs
  Eustachio (D:7)
  A black bear (D:7)
  2 orc warriors (D:7)
  3 ogres
  A bullfrog (D:7)
  A gnoll sergeant (D:7)
  A scorpion (D:8)
  3 wights (D:7)
  A howler monkey (D:6)
  2 crimson imps
  7 centaur zombies
  A jelly (D:6)
  2 bullfrog skeletons
  A bullfrog zombie (D:5)
  6 hounds
  4 orc priests
  6 human zombies (Ossuary)
  A centaur skeleton (D:6)
  An orc wizard (D:7)
  3 worker ants
  3 mummies (Ossuary)
  8 adders
  5 shadow imps
  3 oozes
  An adder skeleton (D:8)
  3 worms
  A dart slug (D:1)
  5 leopard geckos
  11 orcs
  6 giant cockroaches
  4 goblins
  8 hobgoblins
  9 jackals
  9 kobolds
  4 quokkas
  2 ball pythons (Sewer)
  10 bats
  3 frilled lizards
  7 rats
157 creatures vanquished.

Vanquished Creatures (others)
  An ogre (D:4)
  A hound (D:4)
  A worm (D:4)
  An orc (D:4)
  A giant cockroach (D:4)
  A frilled lizard (D:4)
6 creatures vanquished.

Grand Total: 163 creatures vanquished

Notes
Turn   | Place    | Note
-------+----------+-------------------------------------------
     0 | D:1      | xccam the Formicid Fighter began the quest for the Orb.
     0 | D:1      | Reached XP level 1. HP: 18/18 MP: 1/1
   128 | D:1      | Reached XP level 2. HP: 21/24 MP: 2/2
   265 | D:1      | Reached XP level 3. HP: 29/29 MP: 3/3
   467 | D:2      | Reached skill level 3 in Axes
   467 | D:2      | Reached XP level 4. HP: 20/35 MP: 4/4
   474 | D:2      | Reached skill level 5 in Shields
   952 | D:2      | Reached XP level 5. HP: 32/41 MP: 5/5
  1256 | D:3      | Found a shattered altar of Ashenzari.
  1645 | D:3      | Found a glowing drain.
  1649 | Sewer    | Entered a sewer
  1663 | Sewer    | Reached skill level 4 in Axes
  2379 | D:4      | Killed an ogre
  2638 | D:4      | Reached XP level 6. HP: 47/47 MP: 6/6
  2796 | D:4      | Found a shimmering altar of Xom.
  2864 | D:4      | Noticed vishdafish's ghost (novice DsFi)
  2872 | D:4      | Killed vishdafish's ghost
  2872 | D:4      | Reached skill level 5 in Axes
  2872 | D:4      | Reached XP level 7. HP: 40/52 MP: 7/7
  2939 | D:5      | Entered Level 5 of the Dungeon
  2977 | D:5      | Found a sparkling altar of Nemelex Xobeh.
  3097 | D:5      | Noticed budo's ghost (novice KoBe)
  3136 | D:5      | Killed budo's ghost
  3136 | D:5      | Reached skill level 7 in Axes
  3136 | D:5      | Reached XP level 8. HP: 34/58 MP: 8/8
  3285 | D:5      | Found an opulent altar of Gozag.
  3328 | D:5      | Found a staircase to the Ecumenical Temple.
  3335 | Temple   | Entered the Ecumenical Temple
  4161 | D:6      | Reached skill level 8 in Axes
  4299 | D:6      | Got an encrusted ring mail
  4310 | D:6      | Identified the +1 ring mail of a volcano {rElec SInv} (You found it on level 6 of the Dungeon)
  4361 | D:6      | Noticed a hippogriff
  4367 | D:6      | Killed a hippogriff
  4367 | D:6      | Reached XP level 9. HP: 49/64 MP: 9/9
  4785 | D:7      | Reached skill level 9 in Axes
  4952 | D:7      | Noticed tilp's ghost (novice CeHu)
  4970 | D:7      | Killed tilp's ghost
  5038 | D:7      | Found a sand-covered staircase.
  5071 | Ossuary  | Entered an ossuary
  5090 | Ossuary  | Reached skill level 10 in Axes
  5419 | D:7      | Reached skill level 10 in Shields
  5419 | D:7      | Reached XP level 10. HP: 46/70 MP: 10/10
  5429 | D:7      | Noticed Eustachio
  5481 | D:7      | Killed Eustachio
  5481 | D:7      | Reached skill level 1 in Dodging
  6074 | D:8      | Reached skill level 11 in Axes
  6116 | D:8      | Found a hazy altar of Hepliaklqana.
  6151 | D:8      | Found a snail-covered altar of Cheibriados.
  6166 | D:8      | Became a worshipper of Cheibriados the Contemplative
  6223 | D:8      | Noticed Sergey's ghost (novice VSAr)
  6241 | D:8      | Killed Sergey's ghost
  6309 | D:8      | Found Ocaki's Food Emporium.
  6500 | D:8      | Found a burning altar of Makhleb.
  6631 | D:9      | Noticed a skeletal warrior
  6663 | D:9      | Slain by a skeletal warrior

Vault maps used:
D:1:      tarquinn_simple_flora_water_b
D:3:      gup_sewer_entry_bowl, serial_forest, infiniplex_forest_lined_1,
          infiniplex_forest_end_3, infiniplex_forest_straight_5,
          infiniplex_forest_clump_small, dk_vineyard_1,
          cheibrodos_ashenzari_chains
D:4:      xom_confusion_cloud
D:5:      nemelex_xobeh_ov_fountains_minmay, minmay_temple_entry_glass,
          first_ration, grunt_gozag_statues
D:7:      nicolae_ossuary_entry_plus, sword_in_stone
D:8:      bloody_makhleb, grunt_temple_overflow_open, serial_shops, shop
D:9:      minmay_the_grid_triangle_9x9_rhombus_full, kennysheep_little_box,
          serial_shops, nicolae_shop_stone
Temple:   eino_temple_rhombus
Sewer:    sewer_fruit_machine
Ossuary:  ossuary_minmay_four_chambers

Skill      XL: |  1  2  3  4  5  6  7  8  9 10 |
---------------+-------------------------------+-----
Shields        | 4 5 6 7 8 10 | 10.0
Axes           | 3 4 5 7 8 10 11 | 11.2
Dodging        | 2 |  2.4
Fighting       | 4 |  4.6
Armour         | 4 |  4.6

Action                   |  1- 3 |  4- 6 |  7- 9 | 10-12 || total
-------------------------+-------+-------+-------+-------++-------
Melee: War axe           |    56 |   222 |   312 |   161 ||   751
  Use: Scroll            |       |     3 |     4 |    10 ||    17
       Potion            |       |     1 |       |     5 ||     6
  Eat: Chunk             |       |     5 |     6 |     5 ||    16
       Ration            |       |     1 |       |       ||     1
Armor: Scale mail        |    26 |   118 |    51 |       ||   195
       Ring mail         |       |       |    81 |    29 ||   110
       Skin              |       |       |       |    33 ||    33
Dodge: Dodged            |    29 |    95 |    92 |    34 ||   250
Block: Shield            |    38 |   163 |   174 |   114 ||   489

Table legend:
 A = Spawn XP
 B = Non-spawn XP
 C = Spawn XP percentage of total XP
 D = Spawn monster count
 E = Non-spawn monster count
 F = Spawn count percentage of total count
 G = Total turns spent on level
                    A         B        C        D         E        F      G
               +---------+---------+-------+---------+---------+-------+---------
         Total |       0 |    5906 |   0.0 |       0 |     157 |   0.0 |  6663
               +---------+---------+-------+---------+---------+-------+---------
           D:1 |       0 |      32 |   0.0 |       0 |      17 |   0.0 |   433
           D:2 |       0 |     118 |   0.0 |       0 |      23 |   0.0 |   781
           D:3 |       0 |      49 |   0.0 |       0 |      15 |   0.0 |   819
           D:4 |       0 |     436 |   0.0 |       0 |       6 |   0.0 |   579
           D:5 |       0 |     798 |   0.0 |       0 |      12 |   0.0 |   934
           D:6 |       0 |     703 |   0.0 |       0 |      20 |   0.0 |   736
           D:7 |       0 |    2073 |   0.0 |       0 |      20 |   0.0 |   989
           D:8 |       0 |    1085 |   0.0 |       0 |      13 |   0.0 |   554
         Sewer |       0 |      44 |   0.0 |       0 |      16 |   0.0 |   327
       Ossuary |       0 |     568 |   0.0 |       0 |      15 |   0.0 |   300
               +---------+---------+-------+---------+---------+-------+---------
